AoeStats
← aaron05148834

Black Forest

504602856Analyzed
1v1 RM · 25d ago on Sep 5, 2026· 50m 22s· 2 players
Game mode
Random Map
Map size
Tiny (2 player)
Population
200
Speed
Normal
Resources
Standard
Victory
Conquest
Starting age
Dark Age
Ending age
Imperial Age
RankedLock teamsTeams togetherTeam positionsShared explorationLock speedFull tech treeHidden civsTurbo modeCheats
Victory
Defeat
🇦🇷 Magyars · Argentina
431
+20
🇺🇸 Aztecs · United States
526
-27
OFLOCA
0:46 Loom
12:17 Feudal Age
13:14 Double-Bit Axe
13:13 Horse Collar
14:51 Wheelbarrow
16:51 Man-at-Arms
30:43 Castle Age
29:01 Gold Mining
29:18 Stone Mining
32:34 Hand Cart
32:42 Husbandry
35:06 Scale Barding Armor
39:33 Chain Barding Armor
39:17 Scale Mail Armor
39:17 Padded Archer Armor
39:08 Fletching
43:36 Gold Shaft Mining
45:00 Bow Saw
44:54 Heavy Plow
50:14 Imperial Age
aaron05148834
1:29 Loom
12:08 Feudal Age
14:06 Arson
14:44 Man-at-Arms
22:57 Forging
22:49 Scale Mail Armor
26:34 Castle Age
26:51 Long Swordsman
27:34 Squires
29:01 Iron Casting
31:58 Fletching
33:16 Bodkin Arrow
37:28 Murder Holes
37:51 Pikeman
41:50 Imperial Age
Connection lost

Rejoining the realm…

Still unreachable

The connection could not be restored.

Session expired

The server has moved on; the page needs a fresh start.